 Dungeon Crawl Stone Soup version 0.13-a0-1693-g8ac13c1 (console) character file.

459 Kellhus the Ruinous (level 6, 39/39 HPs)
             Began as a Vampire Wizard on June 20, 2013.
             Quit the game on Level 4 of the Dungeon.
             The game lasted 00:08:32 (4117 turns).

Kellhus the Ruinous (Vampire Wizard)                Turns: 4117, Time: 00:08:34

HP  39/39        AC  8     Str  6      XL: 6   Next: 24%
MP  15/15        EV 12     Int 27      God:
Gold 132         SH  0     Dex 12      Spells:  3 memorised,  4 levels left

Res.Fire  : . . .   See Invis. : +   a - +2,+1 dagger (protect)
Res.Cold  : . . .   Warding    : .   A - +0 robe
Life Prot.: . . .   Conserve   : .   (no shield)
Res.Poison: +       Res.Corr.  : .   r - +1 winged helmet
Res.Elec. : .       Clarity    : .   (no cloak)
Sust.Abil.: . .     Spirit.Shd : .   (no gloves)
Res.Mut.  : .       Stasis     : .   (no boots)
Res.Rott. : .       Flight     : .   (no amulet)
Saprovore : . . .                    p - +4,+2 ring of slaying
                                     q - ring of poison resistance

@: regenerating quickly, brilliant, very slightly contaminated, hasted
(expiring), very quick, slightly resistant to hostile enchantments, stealthy
A: bottle blood, claws 1, fangs 3, see invisible, deformed body, deterioration
1, unbreathing
a: Bottle Blood


You were on level 4 of the Dungeon.
You were full.

You visited 1 branch of the dungeon, and saw 4 of its levels.
You also visited: Sewer.

You collected 112 gold pieces.

Inventory:

Hand weapons
 a - a +2,+1 dagger of protection (weapon)
 f - a +2,+0 dwarven mace of distortion
 s - a +1,+1 dwarven sabre
Armour
 b - a +0 wizard hat
 r - a +1 winged helmet (worn)
 A - a +0 robe (worn)
Magical devices
 C - a wand of lightning (7) {unknown}
Scrolls
 d - a scroll of recharging {unknown}
 n - a scroll of curse armour {unknown}
 t - a scroll of magic mapping
 u - a scroll of fog {unknown}
 y - a scroll of teleportation
 z - a scroll of blinking {unknown}
 B - a scroll of enchant weapon II {unknown}
Jewellery
 o - an uncursed ring of invisibility
 p - a +4,+2 ring of slaying (right claw)
 q - a ring of poison resistance (left claw)
Potions
 g - 2 potions of agility
 h - 3 potions of curing
 l - 2 potions of resistance
 v - 4 potions of might
Books
 c - a book of Minor Magic

   Spells                             Type                      Level
   *Magic Dart                        Conjuration                  1
   Blink                              Translocation                2
   Call Imp                           Summoning                    2
   Repel Missiles                     Charms/Air                   2
   Slow                               Hexes                        2
   *Conjure Flame                     Conjuration/Fire             3
   *Mephitic Cloud                    Conjuration/Poison/Air       3
Magical staves
 D - an uncursed staff of air


   Skills:
 - Level 2.1 Dodging
 - Level 3.0 Stealth
 - Level 3.0 Spellcasting
 + Level 4.8 Conjurations
   Level 1.0 Summonings
   Level 0.7 Translocations


You had 4 spell levels left.
You knew the following spells:

 Your Spells              Type           Power        Failure   Level  Hunger
a - Magic Dart            Conj           ####         1%          1    None
b - Conjure Flame         Conj/Fire      ####....     1%          3    ###....
c - Mephitic Cloud        Conj/Pois/Air  ####....     2%          3    ###....


Dungeon Overview and Level Annotations

Branches:
Dungeon (4/27)
 Temple: D:4-7

Altars:

Shops:
D:4: +


Innate Abilities, Weirdness & Mutations

Your natural rate of healing is unusually fast.
You can bottle blood from corpses.
You have razor-sharp teeth.*
You have supernaturally acute eyesight.
You can survive without breathing.*
You have sharp fingernails.*
Armour fits poorly on your strangely shaped body.*
Your body is slowly deteriorating.+


Message History

You start resting.
Magic restored.
You start waiting.
Your body shudders with the violent release of wild energies!
You feel yourself wasting away.
You feel less contaminated with magical energies.
You start waiting.
Done waiting.
Drink which item? (? for menu, Esc to quit)
You feel more clever all of a sudden.
It was a potion of brilliance.
Drink which item? (? for menu, Esc to quit)
You feel much better.
It was a potion of heal wounds.
Drink which item? (? for menu, Esc to quit)
You feel yourself speed up.
It was a potion of speed.
You start waiting.
Your extra speed is starting to run out.
Drink which item? (? for menu, Esc to quit)
Okay, then.
Are you sure you want to abandon this character and quit the game? (Confirm with "yes".)

* ,...............)....%.......
*,,,,,.............########....
**,*,,,............######*#####
*,,,,,...................,,,,,
*****#.#..........######******
#............# #####.#......#
#,#......# *,#.@....#
*,#......############
*....................
###.....############# #.....#
#######


There were no monsters in sight!

Vanquished Creatures
  The ghost of mrbobbyg the Cudgeler, an average DsSk (D:3)
  A hound (D:4)
  A worker ant (D:4)
  6 adders
  2 worms (D:3)
  A grey rat (D:3)
  A giant gecko (D:2)
  An ooze (D:2)
  8 bats
  3 giant cockroaches
  11 goblins
  5 hobgoblins
  4 jackals (D:4)
  4 quokkas
  7 ball pythons
  10 giant newts
  A hobgoblin skeleton (D:4)
  6 kobolds
  An orc skeleton (D:4)
  8 rats
82 creatures vanquished.

Notes
Turn   | Place    | Note
--------------------------------------------------------------
     0 | D:1      | Kellhus, the Vampire Wizard, began the quest for the Orb.
     0 | D:1      | Reached XP level 1. HP: 11/11 MP: 6/6
    99 | D:1      | Reached skill level 1 in Conjurations
   241 | D:1      | Reached XP level 2. HP: 17/17 MP: 2/8
  1200 | D:2      | Reached XP level 3. HP: 22/22 MP: 7/10
  1991 | D:2      | Reached XP level 4. HP: 15/28 MP: 1/12
  2131 | D:3      | Found a glowing drain.
  2135 | Sewer    | Entered a sewer
  2839 | D:3      | Noticed mrbobbyg's ghost (average DsSk)
  2847 | D:3      | Learned a level 3 spell: Conjure Flame
  2851 | D:3      | Learned a level 3 spell: Mephitic Cloud
  3113 | D:3      | Killed mrbobbyg's ghost
  3113 | D:3      | Reached skill level 4 in Conjurations
  3113 | D:3      | Reached XP level 5. HP: 28/33 MP: 6/13
  3515 | D:4      | Reached XP level 6. HP: 23/39 MP: 6/15
  3625 | D:4      | Found Ashaum's Book Emporium.
  3842 | D:4      | Gained mutation: Armour fits poorly on your strangely shaped body. [mutagenic glow]
  3862 | D:4      | Gained mutation: You have sharp fingernails. [mutagenic glow]
  3962 | D:4      | Gained mutation: Your body is slowly deteriorating. [mutagenic glow]
  4117 | D:4      | Quit the game

Action                   |  1- 3 |  4- 6 || total
-------------------------+-------+-------++-------
Melee: Unarmed           |     8 |       ||     8
 Cast: Magic Dart        |   112 |   112 ||   224
       Conjure Flame     |       |     4 ||     4
  Use: Scroll            |       |    12 ||    12
       Potion            |       |     3 ||     3
